AoeStats
← 2607745682

Arabia

504670083Analyzed
1v1 RM · 27d ago on Sep 6, 2026· 132m 37s· 2 players
Game mode
Random Map
Map size
Tiny (2 player)
Population
200
Speed
Normal
Resources
Standard
Victory
Conquest
Starting age
Dark Age
Ending age
Imperial Age
RankedLock teamsTeams togetherTeam positionsShared explorationLock speedFull tech treeHidden civsTurbo modeCheats
Victory
Defeat
🇨🇳 Goths · China
653
+16
🇬🇹 Bohemians · Guatemala
656
-16
2607745682
1:36 Loom
11:22 Feudal Age
11:50 Double-Bit Axe
12:29 Horse Collar
18:53 Man-at-Arms
20:20 Forging
23:27 Castle Age
21:43 Bloodlines
24:25 Heavy Plow
24:39 Bow Saw
23:57 Long Swordsman
24:39 Squires
25:16 Iron Casting
24:42 Scale Mail Armor
24:40 Gold Mining
27:14 Husbandry
30:27 Wheelbarrow
30:47 Stone Mining
32:09 Hand Cart
31:46 Town Watch
33:16 Town Patrol
38:03 Imperial Age
36:14 Anarchy
37:23 Stone Shaft Mining
36:27 Light Cavalry
38:49 Perfusion
40:11 Crop Rotation
40:43 Two-Man Saw
39:10 Hussar
39:13 Two-Handed Swordsman
40:58 Blast Furnace
39:47 Champion
41:01 Onager
43:32 Chemistry
42:56 Conscription
43:21 Scale Barding Armor
45:08 Ballistics
47:08 Chain Mail Armor
47:14 Chain Barding Armor
49:14 Masonry
48:46 Elite Huskarl
50:51 Capped Ram
54:23 Fletching
55:08 Architecture
61:33 Bodkin Arrow
62:12 Spies/Treason
73:23 Sappers
80:59 Pikeman
82:53 Halberdier
87:37 Guilds
92:49 Murder Holes
100:35 Elite Skirmisher
101:18 Crossbowman
102:37 Bracer
102:37 Padded Archer Armor
103:21 Fishing Lines
105:51 Heavy Scorpion
115:26 Leather Archer Armor
116:37 Ring Archer Armor
Estuardocr7
7:49 Loom
12:30 Feudal Age
15:20 Town Watch
16:24 Double-Bit Axe
19:54 Fletching
24:28 Castle Age
26:17 Bodkin Arrow
27:58 Wheelbarrow
33:16 Hand Cart
35:28 Forging
35:19 Padded Archer Armor
38:13 Imperial Age
36:52 Wagenburg Tactics
37:15 Fervor
40:00 Chemistry
39:12 Masonry
39:24 Bracer
40:02 Iron Casting
42:40 Conscription
52:13 Fortified Wall
52:34 Architecture
53:24 Murder Holes
56:38 Leather Archer Armor
58:15 Ballistics
60:52 Blast Furnace
62:19 Husbandry
64:19 Scale Barding Armor
74:57 Chain Barding Armor
74:02 Light Cavalry
86:35 Ring Archer Armor
85:43 Elite Skirmisher
98:14 Squires
103:19 Pikeman
109:37 Scale Mail Armor
Connection lost

Rejoining the realm…

Still unreachable

The connection could not be restored.

Session expired

The server has moved on; the page needs a fresh start.